 Dungeon Crawl Stone Soup version 0.30-a0-556-g0a0f5a245f (webtiles) character file.

Game seed: 18417249545494114616

5 M4edhros the Charlatan (level 1, 0/13 HPs)
             Began as an Octopode Artificer on Dec 27, 2022.
             Constricted to death by a ball python (1 damage)
             ... on level 3 of the Dungeon.
             The game lasted 00:00:27 (133 turns).

M4edhros the Charlatan (Octopode Artificer)          Turns: 133, Time: 00:00:28

Health: 0/13       AC:  1    Str: 11    XL:     1   Next: 80%
Magic:  1/1        EV: 10    Int: 13    God:
Gold:   41         SH:  0    Dex: 12    Spells: 0/0 levels left

rFire   . . .      SeeInvis .    (no weapon)
rCold   . . .      Faith    .    (no shield)
rNeg    . . .      Spirit   .    (helmet restricted)
rPois   .          Reflect  .    (no amulet)
rElec   .          Harm     .    (no ring)
rCorr   .          Rampage  .    (no ring)
Will    .....                    (no ring)
Stlth   +++                      (no ring)
HPRegen 0.22/turn                (no ring)
MPRegen 0.07/turn                (no ring)
                                 (no ring)
                                 (no ring)

@: constricted
A: almost no armour, amphibious, 8 rings, camouflage 1, gelatinous body 1,
(nimble swimmer 1), tentacles
a: no special abilities


You were on level 3 of the Dungeon.
You visited 1 branch of the dungeon, and saw 4 of its levels.

You collected 41 gold pieces.

Inventory:

Wands
 b - a wand of flame (15) (quivered)
 c - a wand of charming (14)
 d - a wand of iceblast (5)
Scrolls
 a - a scroll of enchant armour {unknown}


   Skills:
 + Level 1.1 Fighting
 + Level 2.4 Dodging
 + Level 1.6 Stealth
 * Level 0.5 Unarmed Combat
 + Level 3.3 Evocations


You couldn't memorise any spells.
You didn't know any spells.
Your spell library contained the following spells:

 Spells                   Type           Power      Damage    Failure   Level
 Sting                    Tmut/Pois      0%         1d3       30%         1
 Poisonous Vapours        Pois/Air       0%         N/A       43%         2
 Olgreb's Toxic Radiance  Pois           0%         N/A       97%         4


Dungeon Overview and Level Annotations

Branches:
Dungeon (4/15)
 Temple: D:4-7

Altars:
Ru
Wu Jian


Innate Abilities, Weirdness & Mutations

You cannot wear most types of armour.
You are amphibious.
You can wear up to eight rings at the same time.
Your skin changes colour to match your surroundings (Stealth+).
Your rubbery body absorbs attacks. (AC +1, EV +1)
((You are camouflaged when in or above water. (Stealth+)))
You have tentacles for arms and can constrict up to eight enemies at once.


Message History

Found a stone staircase leading up.
There is a stone staircase leading up here.
There are monsters nearby!
You barely miss the orc. You grab the orc. You constrict the orc.
You hear a shout!
The jackal barely misses you. The orc closely misses you.
You release your grip on the orc.
The jackal closely misses you. The orc barely misses you.
You climb upwards.
The ball python hisses angrily.
There is a stone staircase leading down here.
You tentacle-slap the orc. Your grab misses the orc.
The orc is heavily wounded.
The jackal closely misses you. The jackal bites you.
The orc hits you with a +0 club.
You tentacle-slap the orc. Your grab misses the orc.
Your squeeze misses the orc.
The orc is heavily wounded.
The jackal bites you. The orc closely misses you.
You closely miss the orc. Your grab misses the orc.
The orc is heavily wounded.
The jackal completely misses you. The jackal bites you.
The orc closely misses you.
You tentacle-slap the orc but do no damage.
You grab the orc.
The orc is heavily wounded.
You constrict the orc. The jackal bites you. The orc hits you with a +0 club.
The ball python barely misses you. The ball python grabs you.
The ball python constricts you.
* * * LOW HITPOINT WARNING * * *
Aiming: Charm
Press: ? - help, Shift-Dir - straight line, f - jackal
Aim: a jackal (chance to affect: 73%)
The ball python struggles to resist.
You constrict the orc.
You kill the orc!
The jackal bites you.
* * * LOW HITPOINT WARNING * * *
A worm comes into view.
The ball python barely misses you. The ball python constricts you.
You die...

#.## .. ###..##
....#...## .#<..... ..
... #. #.#
#.##.######w##
###.##..h@S........
........).#########
##.###.### ##...#####
#.###.##.# #.#
#.#.#.#########.#
#.###..###..........#.
##...##.#.###.........
##.####.## #.#####.##


You could see a worm (wandering), a jackal and a ball python.

Vanquished Creatures
  2 orcs (D:3)
  2 goblins (D:3)
  A rat (D:3)
5 creatures vanquished.

Notes
Turn   | Place    | Note
-------+----------+-------------------------------------------
     0 | D:1      | M4edhros the Octopode Artificer began the quest for the
                  | Orb.
     0 | D:1      | Reached XP level 1. HP: 13/13 MP: 1/1
    14 | D:2      | Found a sacrificial altar of Ru.
    74 | D:3      | Found an ornate altar of the Wu Jian Council.
   125 | D:4      | Noticed an orc priest
   133 | D:3      | Constricted to death by a ball python

Illustrated notes

Levels and vault maps discovered:
D:1:      lemuel_arrival_cross, layout_basic, wad_floor_pattern_untrapped
D:2:      layout_basic, basic_altar,
          hellmonk_ecumenical_altar_pennies_from_heaven
D:3:      layout_loops_ring, mainiacjoe_overflow_chevrons, led_sif_pool
D:4:      layout_layer_cave, mainiacjoe_overflow_cross_hatched,
          mainiacjoe_overflow_tiny_flanked, nemelex_diamond_rough_becter,
          nicolae_concentric_dashed_squares_mild

Action                   || total
-------------------------++-------
Melee: Unarmed           ||    13
       Constrict         ||     5
       Tentacles         ||     2
Evoke: Wand              ||     1
 Stab: Sleeping          ||     2
Armor: Skin              ||     1
Dodge: Dodged            ||    14

Table legend: (Time is in decaauts)
 A = Elapsed time spent in this place.
 B = Non-inter-level travel time spent in this place.
 C = Inter-level travel time spent in this place.
 D = Time resting spent in this place.
 E = Time spent auto-exploring this place.
 F = Levels seen in this place.
 G = Mean time per level.
                   A        B        C        D        E       F      G
               +--------+--------+--------+--------+--------+-----+--------+
         Total |    132 |    124 |      8 |      0 |     66 |   4 |   33.0 |
       Dungeon |    132 |    124 |      8 |      0 |     66 |   4 |   33.0 |
               +--------+--------+--------+--------+--------+-----+--------+

Top non-repeatable levels by time:
     D:3: 67 daAuts
     D:2: 48 daAuts
     D:1: 14 daAuts
     D:4: 2 daAuts
